 Dungeon Sprint DCSS version 0.30-a0-358-g0d69a1922f (webtiles) character file.

Game seed: 13201092752801252136

991 Grognak the Grappler (level 7, -3/81 HPs)
             Began as a Troll Berserker on Nov 11, 2022.
             Was a Priest of Trog.
             Succumbed to Sonja's poison
             ... while paralysed
             ... in the Dungeon (Sprint I: "Red Sonja").
             The game lasted 00:00:54 (190 turns).

Grognak the Grappler (Troll Berserker)               Turns: 190, Time: 00:00:54

Health: -3/81      AC:  4    Str: 27 (28) XL:     7   Next: 98%
Magic:  6/6        EV:  1    Int:  0 (3)  God:    Trog [***...]
Gold:   313        SH:  0    Dex:  6 (9)  Spells: 6/6 levels left

rFire   . . .      SeeInvis .      - Unarmed
rCold   . . .      Faith    .    (no shield)
rNeg    . . .      Spirit   .    a - +0 animal skin
rPois   .          Reflect  .    (helmet restricted)
rElec   .          Harm     .    (no cloak)
rCorr   .          Rampage  .    (gloves unavailable)
Will    .....      NoTele   +    (boots unavailable)
Stlth   +.........               (no amulet)
HPRegen 1.13/turn                (no ring)
MPRegen 0.10/turn                (no ring)

@: paralysed, lethally poisoned (-3 -> -21), slowed, lost intelligence, unable
to read
A: large, unfitting armour, claws 3, regeneration 1, shaggy fur 1, tough skin 1
a: Renounce Religion, Berserk, Trog's Hand


You were in the Dungeon.
You worshipped Trog.
Trog was most pleased with you.
You visited 1 branch You collected 313 gold pieces.

Inventory:

Armour
 a - a +0 animal skin (worn)
Wands
 h - a wand of paralysis (6)
Scrolls
 g - a scroll of blinking
Potions
 d - a potion of haste
 e - 2 potions of magic
 f - a potion of berserk rage


   Skills:
 * Level 8.6 Fighting
 * Level 8.5 Dodging
 + Level 1.0 Stealth
 * Level 11.1 Unarmed Combat


You had 6 spell levels left.
You didn't know any spells.
Your spell library was empty.

Dungeon Overview and Level Annotations

Branches:
Dungeon (1/1)

Altars:
Cheibriados
Dithmenos
Elyvilon
Fedhas
Gozag
Hepliaklqana
Kikubaaqudgha
Nemelex Xobeh
Okawaru
Qazlal
Ru
Sif Muna
Trog
Uskayaw
Vehumet
Wu Jian
Yredelemnul
Zin
The Shining One

Shops:
D !


Innate Abilities, Weirdness & Mutations

You are too large for most types of armour.
You have claws for hands.
Your natural rate of healing is unusually fast.
You are covered in fur. (AC +1)
You have tough skin. (AC +1)


Message History

You are poisoned.
Sonja hits you with a +2 dagger of venom.
* * * LOW HITPOINT WARNING * * *
You are more poisoned.
Sonja hits you with a +2 dagger of venom.
* * * LOW HITPOINT WARNING * * *
You are lethally poisoned!
Sonja completely misses you.
Sonja hits you with a +2 dagger of venom.
* * * LOW HITPOINT WARNING * * *
Sonja hits you but does no damage.
You are more poisoned.
You feel much better.
You feel extremely sick.
Sonja hits you with a +2 dagger of venom.
* * * LOW HITPOINT WARNING * * *
Sonja hits you with a +2 dagger of venom.
* * * LOW HITPOINT WARNING * * *
You are more poisoned.
Sonja barely misses you.
You mangle Sonja!!
You kill Sonja!
Trog accepts your kill.
Trog appreciates your killing of a magic user.
* * * LOW HITPOINT WARNING * * *
You feel extremely sick.
Your Fighting skill increases to level 8!
Your Dodging skill increases to level 8!
Your Stealth skill increases to level 1!
Your Unarmed Combat skill gained 2 levels and is now at level 11!
You have reached level 7!
* * * LOW HITPOINT WARNING * * *
You feel extremely sick.
Things that are here:
a +2 dagger of venom; 4 curare-tipped darts; the kobold corpse of Sonja It was a potion of degeneration.
There was something very wrong with that liquid.
You feel weakened.
You feel dopey.
You have lost your intelligence.
You feel clumsy.
You die...

#..#####'#####'#
#..####..#...#.#
#..#__####..##.#
#..#_____##'#_.+
#⌠⌠#_.∩...'..._#
####_..__##_.#+#
#_____###'#
#########.##


+$@$+ #$.$# ##.## #+# There were no monsters in sight!

Vanquished Creatures
  Sonja (D)
  Sigmund (D)
  A yak (D)
  An ogre (D)
  A jelly (D)
  Ijyb (D)
6 creatures vanquished.

Notes
Turn   | Place    | Note
-------+----------+-------------------------------------------
     0 | D        | Grognak the Troll Berserker began the quest for the Orb.
     0 | D        | Reached XP level 1. HP: 22/22 MP: 0/0
     1 | D        | Noticed Ijyb
     1 | D        | Paralysed by Ijyb for 3 turns
    11 | D        | Killed Ijyb
    12 | D        | Reached skill level 4 in Unarmed Combat
    12 | D        | Reached XP level 2. HP: 23/32 MP: 1/1
    22 | D        | Noticed an ogre
    26 | D        | Killed an ogre
    27 | D        | Reached skill level 5 in Fighting
    27 | D        | Reached skill level 6 in Unarmed Combat
    27 | D        | Reached XP level 3. HP: 7/42 MP: 2/2
    27 | D        | Reached XP level 4. HP: 9/50 MP: 3/3
    77 | D        | Noticed Sigmund
    81 | D        | Killed Sigmund
    81 | D        | Reached ** piety under Trog
    82 | D        | Reached skill level 8 in Unarmed Combat
    82 | D        | Reached XP level 5. HP: 54/61 MP: 4/4
    82 | D        | Reached XP level 6. HP: 61/68 MP: 5/5
    97 | D        | Found an ornate altar of the Wu Jian Council.
    97 | D        | Found a shimmering blue altar of Sif Muna.
    99 | D        | Found a radiant altar of Vehumet.
   159 | D        | Found Miulyrul's Distillery.
   159 | D        | Found an ancient bone altar of Kikubaaqudgha.
   159 | D        | Found a hazy altar of Hepliaklqana.
   159 | D        | Found a stormy altar of Qazlal.
   159 | D        | Found a hide-covered altar of Uskayaw.
   159 | D        | Found a blossoming altar of Fedhas.
   159 | D        | Found a bloodstained altar of Trog.
   159 | D        | Found an iron altar of Okawaru.
   159 | D        | Found a basalt altar of Yredelemnul.
   159 | D        | Found a glowing golden altar of the Shining One.
   159 | D        | Found a snail-covered altar of Cheibriados.
   159 | D        | Found a sacrificial altar of Ru.
   159 | D        | Found a glowing silver altar of Zin.
   159 | D        | Found a shadowy altar of Dithmenos.
   159 | D        | Found a white marble altar of Elyvilon.
   159 | D        | Noticed a yak
   160 | D        | Found an opulent altar of Gozag.
   163 | D        | Killed a yak
   164 | D        | Reached skill level 9 in Unarmed Combat
   164 | D        | Found a sparkling altar of Nemelex Xobeh.
   175 | D        | Noticed Sonja
   188 | D        | Killed Sonja
   188 | D        | Reached *** piety under Trog
   189 | D        | Reached skill level 1 in Stealth
   189 | D        | Reached skill level 11 in Unarmed Combat
   189 | D        | Reached XP level 7. HP: 9/81 MP: 6/6
   189 | D        | HP: 3/81 [poisoned by Sonja]
   190 | D        | Lost intelligence.
   190 | D        | Succumbed to Sonja's poison

Illustrated notes

Levels and vault maps discovered:
D:        dungeon_sprint_1 [red_sonja_temple_1, red_sonja_temple_small_1]

Skill      XL: |  1  2  3  4  5  6 |
---------------+-------------------+-----
Fighting       | 3 5 6 8 |  8.6
Dodging        | 3 4 6 8 |  8.5
Unarmed Combat | 4 6 8 11 | 11.1
Stealth        | 1 |  1.0

Action                   |  1- 3 |  4- 6 |  7- 9 || total
-------------------------+-------+-------+-------++-------
Melee: Unarmed           |    11 |    12 |       ||    23
       Punch             |     1 |       |       ||     1
  Use: Potion            |       |     2 |     1 ||     3
       Scroll            |       |     1 |       ||     1
 Stab: Sleeping          |       |     1 |       ||     1
Armor: Animal skin       |       |     5 |       ||     5
Dodge: Dodged            |     1 |    11 |       ||    12

Table legend: (Time is in decaauts)
 A = Elapsed time spent in this place.
 B = Non-inter-level travel time spent in this place.
 C = Inter-level travel time spent in this place.
 D = Time resting spent in this place.
 E = Time spent auto-exploring this place.
 F = Levels seen in this place.
 G = Mean time per level.
                   A        B        C        D        E       F      G
               +--------+--------+--------+--------+--------+-----+--------+
         Total |    187 |    187 |      0 |     74 |      1 |   1 |  187.0 |
       Dungeon |    187 |    187 |      0 |     74 |      1 |   1 |  187.0 |
               +--------+--------+--------+--------+--------+-----+--------+

Top non-repeatable levels by time:
       D: 187 daAuts
